 Dungeon Crawl Stone Soup version 0.26.1-2-gb8aa6d0cf2 (webtiles) character file.

Game seed: 1403665648233138947

7028 shadow1423 the Cleaver (level 10, 0/93 HPs)
             Began as a Minotaur Berserker on Mar 30, 2021.
             Was a High Priest of Trog.
             Slain by an orc warrior
             ... wielding a +0 mace
              (7 damage)
             ... on level 8 of the Dungeon.
             The game lasted 00:28:03 (10691 turns).

shadow1423 the Cleaver (Minotaur Berserker)        Turns: 10691, Time: 00:28:04

Health: 0/93       AC: 15    Str: 29    XL:     10   Next: 82%
Magic:  9/9        EV: 13    Int:  4    God:    Trog [*****.]
Gold:   516        SH:  0    Dex: 10    Spells: 9/9 levels left

rFire    . . .     SeeInvis .   G - +8 hand axe of Mandamus {drain, Str+4 Stlth+}
rCold    . . .     Faith    .   (no shield)
rNeg     . . .     Spirit   .   p - +1 scale mail
rPois    .         Reflect  .   (helmet restricted)
rElec    .         Harm     .   E - +0 cloak
rCorr    .         Rampage  .   (no gloves)
Will     .....                  (no boots)
Stlth    ++........             (no amulet)
HPRegen  0.25/turn              c - +4 ring of protection
MPRegen  0.11/turn              s - +4 ring of slaying

@: berserk cooldown, hasted and slowed
A: retaliatory headbutt, horns 2
a: Renounce Religion, Berserk, Trog's Hand, Brothers in Arms


You were on level 8 of the Dungeon.
You worshipped Trog.
Trog was extremely pleased with you.
You visited 1 branch of the dungeon, and saw 8 of its levels.

You collected 516 gold pieces.

Inventory:

Hand Weapons
 a - a +0 hand axe
 G - the +8 hand axe of Mandamus (weapon) {drain, Str+4 Stlth+}
   (You took it off a gnoll shaman on level 8 of the Dungeon)

   A truly terrible weapon, it drains the life of those it strikes.
   It affects your strength (+4).
   It makes you more stealthy.
Missiles
 f - 5 boomerangs (quivered)
 h - 5 boomerangs of dispersal
Armour
 p - a +1 scale mail (worn)
 E - a +0 cloak (worn)
Jewellery
 c - a +4 ring of protection (left hand)
 m - the ring of the Lotus Blossom {Ice +Inv Will+ MP+9}
   (You took it off a gnoll shaman on level 8 of the Dungeon)

   [ring of ice]

   It enhances your ice magic.
   It makes you vulnerable to fire.
   It protects you from cold.
   It affects your willpower, your defense against some magical effects.
   It affects your magic capacity (+9).
   It lets you turn invisible.
 s - a +4 ring of slaying (right hand)
 F - an uncursed ring of willpower
 H - an uncursed amulet of the acrobat
Wands
 n - a wand of digging (2)
 v - a wand of disintegration (16)
 B - a wand of random effects (17)
 D - a wand of flame (14)
Scrolls
 e - 4 scrolls of remove curse
 g - 5 scrolls of enchant armour
 q - a scroll of enchant weapon {unknown}
 r - a scroll of magic mapping {unknown}
 t - a scroll of amnesia {unknown}
 w - 2 scrolls of teleportation
 y - a scroll of vulnerability {unknown}
 C - a scroll of random uselessness {unknown}
Potions
 b - a potion of flight
 i - 2 potions of attraction
 j - a potion of cancellation
 k - a potion of magic
 l - 4 potions of degeneration
 o - a potion of invisibility
 u - a potion of lignification
 x - a potion of ambrosia {unknown}
 z - a potion of brilliance {unknown}
 I - a potion of might {unknown}


   Skills:
 * Level 10.0 Fighting
 + Level 11.5 Axes
 * Level 11.3 Armour
 + Level 6.6 Dodging
 + Level 2.6 Stealth


You had 9 spell levels left.
You didn't know any spells.
Your spell library was empty.

Dungeon Overview and Level Annotations

Branches:
Dungeon (8/15)             Temple (0/1) D:6
   Lair: D:8-11

Altars:
Ashenzari
Elyvilon
Fedhas
Gozag
Nemelex Xobeh
Qazlal
Ru
Yredelemnul

Shops:
D:6 [   D:7 =


Innate Abilities, Weirdness & Mutations

You reflexively headbutt those who attack you in melee.
You have a pair of horns on your head.


Message History

The centaur shoots an arrow.
The arrow hits you.
* * * LOW HITPOINT WARNING * * *
You see here 2 arrows.
Your ogre closely misses the orc warrior.
You see here an arrow.
You feel your anger nearly subside.
You are no longer berserk.
You are exhausted.
You feel yourself slow down.
Your ogre closely misses the orc warrior.
Okay, then.
It was a potion of haste.
You feel yourself speed up.
Your ogre completely misses the gnoll sergeant.
Your ogre closely misses the centaur.
Your ogre hits the centaur with a +0 giant club!!!
The centaur dies!
Trog accepts your kill.
You slash the orc warrior!
The orc warrior is heavily wounded.
The orc warrior hits you with a +0 mace!
You die...

≈.........♣♣♣♣♣........♣P♣..♣
.........P.PP....P≈≈≈......♣♣
≈≈≈≈≈≈≈......≈.P≈≈≈≈≈≈†≈....♣
≈######≈≈≈≈≈≈≈≈≈≈######≈....♣♣
≈#....#.....≈....#....#≈...P.♣
≈#....#..........#....#≈....♣♣
≈#[.?.#..........#....#≈....♣
≈#....############....#≈....♣
≈# ......O)(go@...###≈....♣♣
######'o######.#..≈.....♣
...... #.#..≈....P♣ ........'
#.#..≈.....♣ #........#.
#.#...≈..$P♣
##############.#..≈≈..P.♣
...............###≈...P♣♣
.####....####....#≈...♣♣
#..#....#..#....#≈...♣


You could see 2 orc warriors, a gnoll sergeant and a friendly ogre (summoned,
berserk).

Vanquished Creatures
  2 two-headed ogres (D:8)
  Pikel (D:7)
  Maggie (D:7)
  A hornet (D:8)
  Prince Ribbit (D:5)
  Grinder (D:5)
  2 hogs (D:8)
  A water moccasin (D:6)
  4 orc warriors
  3 black bears
  3 sky beasts
  3 ogres
  A necrophage (D:4)
  5 centaurs
  A lemure (D:7)
  A gnoll sergeant (D:8)
  7 bullfrogs
  5 killer bees (D:7)
  5 wights (D:7)
  2 howler monkeys
  An electric eel (D:8)
  A bullfrog zombie (D:6)
  3 hounds
  4 orc priests
  A jelly (D:6)
  Crazy Yiuf (D:5)
  2 centaur skeletons
  3 gnoll shamans (D:8)
  Natasha (thrice) (D:3)
  5 orc wizards
  5 worker ants
  A hound zombie (D:6)
  8 gnolls
  10 adders
  A shadow imp (D:5)
  2 white imps
  2 ufetubi
  An ooze (D:1)
  2 worms
  2 dart slugs (D:1)
  6 leopard geckos
  15 orcs
  2 ball pythons
  4 giant cockroaches
  5 goblins
  4 hobgoblins
  11 jackals
  6 quokkas
  A ball python skeleton (D:4)
  8 bats
  6 frilled lizards
  A jackal zombie (D:7)
  11 kobolds
  A leopard gecko zombie (D:5)
  7 rats
  3 bushes (D:8)
199 creatures vanquished.

Vanquished Creatures (collateral kills)
  A manticore (D:8)
  A centaur (D:8)
2 creatures vanquished.

Vanquished Creatures (others)
  An orc wizard (D:7)
  An orc (D:8)
  64 plants (D:8)
66 creatures vanquished.

Grand Total: 267 creatures vanquished

Notes
Turn   | Place    | Note
-------+----------+-------------------------------------------
     0 | D:1      | shadow1423 the Minotaur Berserker began the quest for the
                  | Orb.
     0 | D:1      | Reached XP level 1. HP: 19/19 MP: 0/0
   307 | D:1      | Reached XP level 2. HP: 23/26 MP: 1/1
   754 | D:1      | Reached XP level 3. HP: 33/33 MP: 2/2
   772 | D:1      | Reached ** piety under Trog
  1536 | D:2      | Found a broken altar of Ashenzari.
  1673 | D:2      | Reached skill level 5 in Axes
  2109 | D:2      | Reached XP level 4. HP: 36/40 MP: 3/3
  2676 | D:3      | Noticed Natasha
  2686 | D:3      | Killed Natasha
  2687 | D:3      | Reached XP level 5. HP: 34/47 MP: 4/4
  3214 | D:3      | Reached *** piety under Trog
  3690 | D:3      | Reached XP level 6. HP: 54/55 MP: 5/5
  3705 | D:3      | Found a blossoming altar of Fedhas.
  3705 | D:3      | Found a sacrificial altar of Ru.
  3705 | D:3      | Found an opulent altar of Gozag.
  3710 | D:3      | Found a sparkling altar of Nemelex Xobeh.
  3711 | D:3      | Found a white marble altar of Elyvilon.
  3970 | D:3      | Noticed Natasha
  3974 | D:3      | Killed Natasha
  3975 | D:3      | Reached skill level 5 in Fighting
  4127 | D:3      | Noticed Natasha
  4132 | D:3      | Killed Natasha
  4608 | D:4      | Reached skill level 1 in Stealth
  4608 | D:4      | Reached XP level 7. HP: 24/61 MP: 6/6
  4942 | D:4      | Reached skill level 5 in Dodging
  5303 | D:5      | Entered Level 5 of the Dungeon
  5681 | D:5      | Noticed Grinder
  5682 | D:5      | Paralysed by Grinder for 6 turns
  5693 | D:5      | Killed Grinder
  5694 | D:5      | Reached XP level 8. HP: 44/70 MP: 7/7
  5832 | D:5      | Found a runed translucent door.
  5833 | D:5      | Noticed Crazy Yiuf
  5833 | D:5      | Noticed Prince Ribbit
  5985 | D:5      | Reached **** piety under Trog
  6374 | D:5      | Killed Prince Ribbit
  6375 | D:5      | Reached skill level 5 in Armour
  6382 | D:5      | Killed Crazy Yiuf
  6520 | D:6      | Found a staircase to the Ecumenical Temple.
  6863 | D:6      | Found a stormy altar of Qazlal.
  6865 | D:6      | Noticed an air elemental
  7066 | D:6      | Found Sajet's Antique Armour Shoppe.
  7350 | D:7      | Reached XP level 9. HP: 53/79 MP: 8/8
  7526 | D:7      | Found Olediwko's Jewellery Emporium.
  7527 | D:7      | Noticed Pikel
  7548 | D:7      | Killed Pikel
  7549 | D:7      | Reached skill level 10 in Axes
  7950 | D:7      | Noticed Maggie
  7976 | D:7      | Killed Maggie
  8457 | D:7      | Reached ***** piety under Trog
  8556 | D:7      | Found a basalt altar of Yredelemnul.
  8936 | D:8      | Reached XP level 10. HP: 81/91 MP: 9/9
  8964 | D:8      | Noticed a manticore
  8979 | D:8      | Killed a manticore
  9744 | D:8      | Reached skill level 10 in Armour
  9977 | D:8      | Identified the +8 hand axe of Mandamus {drain, Str+4
                  | Stlth+}
  9977 | D:8      | Identified the ring of the Lotus Blossom {Ice +Inv Will+
                  | MP+9}
 10039 | D:8      | Paralysed by a hornet for 2 turns
 10552 | D:8      | Noticed a two-headed ogre
 10558 | D:8      | Killed a two-headed ogre
 10676 | D:8      | Noticed a two-headed ogre
 10684 | D:8      | Killed a two-headed ogre
 10685 | D:8      | Reached skill level 10 in Fighting
 10691 | D:8      | Slain by an orc warrior

Illustrated notes

Levels and vault maps discovered:
D:1:      ncdulo_lavacross, layout_loops_ring, kennysheep_minor_cross
D:2:      layout_loops_cross, evilmike_ruin_ashenzari
D:3:      layout_basic, minitemple, uniq_natasha
D:4:      layout_basic, abandoned_shop, palyth_stone_intersect
D:5:      layout_loops_corners, hangedman_abyss_or_decor_stabs,
          kennysheep_potato, uniq_crazy_yiuf_cottage, uniq_prince_ribbit1,
          uniq_grinder
D:6:      layout_basic, minmay_temple_entry_grid, serial_rivers,
          chequers_serial_rivers_small_3, chequers_serial_rivers_small_a,
          chequers_serial_rivers_large_a, chequers_serial_rivers_micro_d,
          serial_shops, shop, nicolae_qazlal_style_of_elements
D:7:      layout_loops_ring, yredelemnul_altar_generic, serial_shops,
          shop_fountains, uniq_maggie, uniq_pikel
D:8:      kennysheep_town, serial_shops

Skill      XL: |  1  2  3  4  5  6  7  8  9 10 |
---------------+-------------------------------+-----
Axes           | 4 5 6 7 8 9 10 11 | 11.5
Fighting       | 4 5 6 7 9 10 | 10.0
Dodging        | 3 4 5 6 |  6.6
Armour         | 3 4 6 9 11 | 11.3
Stealth        | 1 2 |  2.6

Action                   |  1- 3 |  4- 6 |  7- 9 | 10-12 || total
-------------------------+-------+-------+-------+-------++-------
Melee: Hand axe          |    89 |   145 |   302 |   242 ||   778
       Headbutt          |    12 |    23 |    58 |    91 ||   184
Invok: Berserk           |       |     1 |     1 |     1 ||     3
       Trog's Hand       |       |       |     1 |     1 ||     2
       Brothers in Arms  |       |       |       |     2 ||     2
Evoke: Wand              |       |       |       |     1 ||     1
  Use: Scroll            |       |     3 |     5 |     1 ||     9
       Potion            |       |       |       |     8 ||     8
 Stab: Invisible         |       |       |       |     2 ||     2
Armor: Animal skin       |    10 |    16 |       |       ||    26
       Scale mail        |       |    27 |   124 |    57 ||   208
Dodge: Dodged            |    63 |   117 |   165 |    85 ||   430
